 Dungeon Crawl Stone Soup version 0.24.0-123-gd5b16e6ec5 (webtiles) character file.

Game seed: 3943787750160091787, levelgen mode: deterministic

3279 FishyPogo the Martial Artist (level 10, -7/66 HPs)
             Began as a Gnoll Transmuter on Jan 26, 2020.
             Was a High Priest of Hepliaklqana.
             Mangled by Harold
             ... wielding a +1 war axe of electrocution
              (15 damage)
             ... on level 8 of the Dungeon.
             The game lasted 00:20:58 (7126 turns).

FishyPogo the Martial Artist (Gnoll Transmuter)     Turns: 7126, Time: 00:21:00

Health: -7/66      AC: 15    Str: 19    XL:     10   Next: 0%
Magic:  20/20      EV: 14    Int: 15    God:    Hepliaklqana [*****.]
Gold:   163        SH:  0    Dex: 20    Spells: 18/22 levels left

rFire    . . .     SeeInvis +   b - +8 mace of Buimm {crush, rPois}
rCold    . . .     Gourm    .   (no shield)
rNeg     . . .     Faith    .   O - +3 scale mail "Veuss" {Str+4 SInv}
rPois    +         Spirit   .   q - +1 helmet
rElec    .         Reflect  .   D - scarf {repulsion}
rCorr    .         Harm     .   (no gloves)
MR       .....                  (boots currently unavailable)
Stlth    ++........             i - amulet of regeneration
HPRegen  0.61/turn              N - +3 ring of dexterity
MPRegen  0.17/turn              C - +3 ring of protection

@: appendage (expiring), repel missiles
A: distributed training, reduced essence, fangs 1, talons 3, strong nose
a: End Transformation, Recall Ancestor, Ancestor Identity, Transference,
Idealise, Renounce Religion


You were on level 8 of the Dungeon.
You worshipped Hepliaklqana.
Hepliaklqana was extremely pleased with you.
You were not hungry.
You had grown temporary talons.
You visited 1 branch of the dungeon, and saw 8 of its levels.

You collected 397 gold pieces.
You spent 234 gold pieces at shops.

Inventory:

Hand Weapons
 b - the +8 mace of Buimm (weapon) {crush, rPois}
   (You found it on level 7 of the Dungeon)

   It inflicts extra damage upon your enemies.
   It protects you from poison.
 h - a +2 dagger of venom
Missiles
 a - 59 arrows
 k - 215 stones
 p - 14 poisoned darts (quivered)
 F - 3 boomerangs
 P - 8 atropa-tipped darts
 U - a throwing net
Armour
 e - a +0 large shield
 q - a +1 helmet (worn)
 D - a scarf of repulsion (worn)
 O - the +3 scale mail "Veuss" (worn) {Str+4 SInv}
   (You bought it in a shop on level 6 of the Dungeon)

   It affects your strength (+4).
   It lets you see invisible.
Jewellery
 i - an amulet of regeneration (around neck)
 u - an uncursed ring of poison resistance
 v - an uncursed amulet of magic regeneration {unknown}
 A - an uncursed ring of flight
 C - a +3 ring of protection (right hand)
 K - an uncursed ring of protection from cold
 N - a +3 ring of dexterity (left hand)
Wands
 y - a wand of iceblast (13)
 E - a wand of polymorph (19)
 L - a wand of disintegration (10)
 R - a wand of flame (7)
Scrolls
 c - a scroll of blinking {unknown}
 g - 3 scrolls of remove curse {unknown}
 j - 2 scrolls of fog {unknown}
 m - 4 scrolls of enchant weapon {unknown}
 n - 2 scrolls of noise {unknown}
 o - 9 scrolls of identify {unknown}
 r - 4 scrolls of teleportation {unknown}
 s - 2 scrolls of magic mapping {unknown}
 Q - a scroll of silence {unknown}
 S - a scroll of immolation {unknown}
Potions
 f - 4 potions of agility {unknown}
 l - a potion of magic {unknown}
 t - 2 potions of might {unknown}
 w - a potion of berserk rage {unknown}
 x - a potion of lignification {unknown}
 z - a potion of curing
 B - a potion of heal wounds {unknown}
 G - a potion of flight {unknown}
 I - a potion of brilliance {unknown}
 J - a potion of mutation {unknown}
 M - 2 potions of degeneration {unknown}
 T - a potion of invisibility {unknown}
Comestibles
 d - 16 rations
 H - a chunk of flesh


   Skills:
 + Level 5.4 Fighting
 + Level 4.7 Short Blades
 + Level 4.7 Long Blades
 + Level 4.7 Axes
 + Level 4.7 Maces & Flails
 + Level 4.7 Polearms
 + Level 4.7 Staves
 + Level 4.7 Slings
 + Level 4.7 Bows
 + Level 4.7 Crossbows
 + Level 4.7 Throwing
 + Level 4.7 Armour
 + Level 6.6 Dodging
 + Level 4.7 Stealth
 + Level 4.7 Shields
 + Level 8.1 Unarmed Combat
 + Level 6.9 Spellcasting
 + Level 3.9 Conjurations
 + Level 3.9 Hexes
 + Level 3.9 Charms
 + Level 3.9 Summonings
 + Level 3.9 Necromancy
 + Level 3.9 Translocations
 + Level 5.5 Transmutations
 + Level 3.9 Fire Magic
 + Level 3.9 Ice Magic
 + Level 3.9 Air Magic
 + Level 3.9 Earth Magic
 + Level 3.9 Poison Magic
 + Level 5.2 Invocations
 + Level 4.7 Evocations


You had 18 spell levels left.
You knew the following spells:

 Your Spells              Type           Power        Failure   Level  Hunger
u - Spider Form           Tmut/Pois      ###.......   16%         3    ##.....
y - Beastly Appendage     Tmut           ###...       3%          1    None

Your spell library contained the following spells:

 Spells                   Type           Power        Failure   Level  Hunger
 Sticks to Snakes         Tmut           ###.....     6%          2    None
 Ice Form                 Ice/Tmut       ###.....     47%         4    ####...
 Blade Hands              Tmut           ###.......   71%         5    #####..


Dungeon Overview and Level Annotations

Branches:
Dungeon (8/15)             Temple (0/1) D:5
   Lair: D:8-11

Altars:
Cheibriados
Elyvilon
Hepliaklqana
Trog
Wu Jian
Zin
The Shining One

Shops:
D:6 [

Annotations:
D:8 Harold


Innate Abilities, Weirdness & Mutations

Your experience applies equally to all skills.
You have very sharp teeth.
Your uncanny sense of smell can sniff out nearby items.
Your life essence is reduced to manifest your ancestor. (-10% HP)
You have claws for feet.


Message History

You claw Harold!
Harold is severely wounded.
Harold hits you with a +1 war axe of electrocution!
* * * LOW HITPOINT WARNING * * *
Unknown command.
You thump Harold!
Harold is almost dead.
Harold hits you but does no damage.
Unknown command.
You completely miss Harold.
Harold is almost dead.
Harold considers, "I think I'll use your bounty to get a fishing boat..."
Harold hits you but does no damage.
Unknown command.
You hit Harold. You claw Harold, but do no damage.
Harold is almost dead.
Harold hits you with a +1 war axe of electrocution.
* * * LOW HITPOINT WARNING * * *
You are electrocuted!
You die...

#. .#....<...# ...
#.#..........##..... ...#
#...#.............# ...#
##.##.#.#+#####..#.......
.....<### .........
##.#### #.#!... .. #.# ∆∆
###.##.#...# #.##
####..........# #..#
#....@@(#.# ##.#
#.....##.#.# #.# #....∆
#.#.# . #.# #... #.#.#
... #.# #... ##.#.####..
#.# #.....#.........# #.#
##.........##.#.# #.#
#########.#..##.#.# #.#
#.....# #.#.....#.#


You could see Harold.

Vanquished Creatures
  Pikel (D:5)
  Joseph (D:7)
  A hornet (D:6)
  A hungry ghost (D:7)
  3 slaves (D:5)
  2 ice beasts (D:6)
  2 phantoms
  7 ogres
  2 bullfrogs
  A gnoll sergeant (D:5)
  A wyvern skeleton (D:6)
  3 killer bees (D:7)
  A howler monkey (D:4)
  2 crimson imps
  2 jellies
  A centaur skeleton (D:7)
  2 orc priests
  4 worker ants
  Natasha (twice) (D:3)
  A hound zombie (D:5)
  A hound skeleton (D:5)
  3 gnolls (D:5)
  A worker ant zombie (D:7)
  2 adders (D:3)
  A shadow imp (D:6)
  4 worms
  3 dart slugs
  3 leopard geckos
  8 orcs (D:7)
  2 bats (D:1)
  2 giant cockroaches (D:3)
  8 goblins
  3 hobgoblins
  16 jackals
  5 kobolds
  2 quokkas
  3 ball pythons
  3 frilled lizards
  A quokka zombie (D:6)
  10 rats
121 creatures vanquished.

Vanquished Creatures (collateral kills)
  A slave (D:5)
  Blork the orc (D:4)
  A crimson imp (D:5)
  A hound (D:6)
  An orc wizard (D:7)
  Crazy Yiuf (D:7)
  Natasha (D:3)
  A hound zombie (D:5)
  2 adders (D:4)
  An adder zombie (D:5)
  A worm (D:2)
  A leopard gecko (D:4)
  2 orcs (D:4)
  A goblin (D:2)
  2 jackals (D:3)
  A quokka (D:7)
  A ball python skeleton (D:5)
  A frilled lizard (D:3)
  A kobold (D:3)
22 creatures vanquished.

Vanquished Creatures (others)
  3 hexers
  3 ancestors
6 creatures vanquished.

Grand Total: 149 creatures vanquished

Notes
Turn   | Place    | Note
-------+----------+-------------------------------------------
     0 | D:1      | FishyPogo the Gnoll Transmuter began the quest for the Orb.
     0 | D:1      | Reached XP level 1. HP: 17/17 MP: 6/6
   122 | D:1      | Reached XP level 2. HP: 23/23 MP: 7/7
   345 | D:2      | You fall into a shaft and drop 2 floors!
   353 | D:4      | Reached XP level 3. HP: 9/28 MP: 7/9
   623 | D:4      | Noticed an ogre
   645 | D:4      | Reached skill level 5 in Spellcasting
   668 | D:4      | Noticed a phantom
   697 | D:3      | Found a hazy altar of Hepliaklqana.
   706 | D:3      | Became a worshipper of Hepliaklqana the Forgotten
   769 | D:3      | Reached skill level 1 in Invocations
   914 | D:2      | HP: 1/25 [leopard gecko (4)]
   935 | D:2      | Learned a level 3 spell: Spider Form
  1447 | D:1      | Reached skill level 1 in Short Blades
  1447 | D:1      | Reached skill level 1 in Long Blades
  1447 | D:1      | Reached skill level 1 in Axes
  1447 | D:1      | Reached skill level 1 in Maces & Flails
  1447 | D:1      | Reached skill level 1 in Polearms
  1447 | D:1      | Reached skill level 1 in Staves
  1447 | D:1      | Reached skill level 1 in Slings
  1447 | D:1      | Reached skill level 1 in Bows
  1447 | D:1      | Reached skill level 1 in Crossbows
  1447 | D:1      | Reached skill level 1 in Throwing
  1447 | D:1      | Reached skill level 1 in Armour
  1447 | D:1      | Reached skill level 1 in Stealth
  1447 | D:1      | Reached skill level 1 in Shields
  1447 | D:1      | Reached skill level 1 in Evocations
  1643 | D:1      | Reached XP level 4. HP: 30/30 MP: 9/11
  1807 | D:2      | Reached * piety under Hepliaklqana
  2418 | D:3      | Killed a phantom
  2418 | D:3      | Reached skill level 1 in Conjurations
  2418 | D:3      | Reached skill level 1 in Hexes
  2418 | D:3      | Reached skill level 1 in Charms
  2418 | D:3      | Reached skill level 1 in Summonings
  2418 | D:3      | Reached skill level 1 in Necromancy
  2418 | D:3      | Reached skill level 1 in Translocations
  2418 | D:3      | Reached skill level 1 in Fire Magic
  2418 | D:3      | Reached skill level 1 in Ice Magic
  2418 | D:3      | Reached skill level 1 in Air Magic
  2418 | D:3      | Reached skill level 1 in Earth Magic
  2418 | D:3      | Reached skill level 1 in Poison Magic
  2418 | D:3      | Reached XP level 5. HP: 28/36 MP: 12/12
  2481 | D:3      | Noticed Natasha
  2492 | D:3      | Killed Natasha
  2679 | D:3      | Noticed Natasha
  2697 | D:3      | Killed Natasha
  2871 | D:3      | Reached XP level 6. HP: 42/42 MP: 11/13
  3501 | D:3      | Noticed Natasha
  3509 | D:3      | Killed Natasha
  3534 | D:4      | Noticed Blork the orc
  3546 | D:4      | Killed Blork the orc
  3546 | D:4      | Reached skill level 5 in Dodging
  3575 | D:4      | Reached ** piety under Hepliaklqana
  3577 | D:4      | Remembered your ancestor Arammadara as a hexer
  3610 | D:4      | Found an ornate altar of the Wu Jian Council.
  3639 | D:4      | Reached XP level 7. HP: 35/46 MP: 10/15
  3668 | D:4      | Reached skill level 7 in Unarmed Combat
  4270 | D:5      | Entered Level 5 of the Dungeon
  4479 | D:5      | Found a staircase to the Ecumenical Temple.
  4510 | D:5      | Reached XP level 8. HP: 54/54 MP: 12/16
  4519 | D:5      | Noticed Pikel
  4530 | D:5      | Killed Pikel
  4578 | D:5      | Reached *** piety under Hepliaklqana
  5169 | D:6      | Found Odiuthroch's Antique Armour Boutique.
  5172 | D:6      | Bought a blackened scale mail for 234 gold pieces
  5182 | D:6      | Identified the +3 scale mail "Veuss" {Str+4 SInv} (You
                  | bought it in a shop on level 6 of the Dungeon)
  5191 | D:6      | Found a snail-covered altar of Cheibriados.
  5259 | D:6      | Found a white marble altar of Elyvilon.
  5384 | D:6      | Reached XP level 9. HP: 59/59 MP: 18/18
  5388 | D:6      | Reached skill level 5 in Transmutations
  5481 | D:6      | Found a glowing silver altar of Zin.
  5483 | D:6      | Found a bloodstained altar of Trog.
  5485 | D:6      | Found a glowing golden altar of the Shining One.
  5646 | D:6      | Noticed a hornet
  5663 | D:6      | Killed a hornet
  5938 | D:7      | Reached **** piety under Hepliaklqana
  6127 | D:7      | Reached skill level 5 in Fighting
  6555 | D:7      | Found a runed translucent door.
  6556 | D:7      | Noticed Crazy Yiuf
  6565 | D:7      | Killed Crazy Yiuf
  6565 | D:7      | Reached skill level 8 in Unarmed Combat
  6572 | D:7      | Got a crude mace
  6573 | D:7      | Identified the +8 mace of Buimm {crush, rPois} (You found
                  | it on level 7 of the Dungeon)
  6608 | D:7      | Noticed Joseph
  6624 | D:7      | Killed Joseph
  6624 | D:7      | Reached skill level 5 in Invocations
  7055 | D:8      | Reached XP level 10. HP: 63/66 MP: 20/20
  7104 | D:8      | Reached ***** piety under Hepliaklqana
  7104 | D:8      | Noticed Harold
  7126 | D:8      | Mangled by Harold

Levels and vault maps discovered:
D:1:      dpeg_arrival_boxes_within_box, layout_basic
D:2:      layout_basic, first_ration, chequers_serial_rivers_micro_d,
          serial_park_tiny_2
D:3:      layout_basic, marbit_many_paths, uniq_natasha
D:4:      layout_basic, kennysheep_little_box, uniq_blork_the_orc
D:5:      layout_cave_pods, minmay_temple_entry_stoned_glass, serial_park,
          serial_park_square2, uniq_pikel
D:6:      layout_basic, nicolae_overflow_crystal_walls,
          grunt_temple_overflow_open, kennysheep_mini_moat, serial_shops,
          nicolae_shop_crystal
D:7:      layout_gridville, uniq_joseph, uniq_crazy_yiuf_cottage
D:8:      layout_loops_cross, serial_shops, shop, the_bakery, uniq_harold

Skill      XL: |  1  2  3  4  5  6  7  8  9 |
---------------+----------------------------+-----
Spellcasting   | 5 6 |  6.9
Invocations    | 1 2 3 4 5 |  5.2
Short Blades   | 1 2 3 4 |  4.7
Long Blades    | 1 2 3 4 |  4.7
Axes           | 1 2 3 4 |  4.7
Maces & Flails | 1 2 3 4 |  4.7
Polearms       | 1 2 3 4 |  4.7
Staves         | 1 2 3 4 |  4.7
Slings         | 1 2 3 4 |  4.7
Bows           | 1 2 3 4 |  4.7
Crossbows      | 1 2 3 4 |  4.7
Throwing       | 1 2 3 4 |  4.7
Armour         | 1 2 3 4 |  4.7
Stealth        | 1 2 3 4 |  4.7
Shields        | 1 2 3 4 |  4.7
Evocations     | 1 2 3 4 |  4.7
Fighting       | 3 4 5 |  5.4
Conjurations   | 1 2 3 |  3.9
Hexes          | 1 2 3 |  3.9
Charms         | 1 2 3 |  3.9
Summonings     | 1 2 3 |  3.9
Necromancy     | 1 2 3 |  3.9
Translocations | 1 2 3 |  3.9
Fire Magic     | 1 2 3 |  3.9
Ice Magic      | 1 2 3 |  3.9
Air Magic      | 1 2 3 |  3.9
Earth Magic    | 1 2 3 |  3.9
Poison Magic   | 1 2 3 |  3.9
Transmutations | 4 5 |  5.5
Dodging        | 5 6 |  6.6
Unarmed Combat | 7 8 |  8.1

Action                   |  1- 3 |  4- 6 |  7- 9 | 10-12 || total
-------------------------+-------+-------+-------+-------++-------
Melee: Unarmed           |    84 |   120 |   212 |       ||   416
       Bite              |    12 |     7 |    26 |     5 ||    50
       Punch             |     3 |     3 |    11 |       ||    17
       Kick              |     4 |    15 |    31 |     6 ||    56
       Headbutt          |     2 |       |       |       ||     2
       Mace              |       |       |    20 |    21 ||    41
Throw: Stone             |       |     9 |       |       ||     9
       Dart              |       |       |     4 |       ||     4
 Cast: Beastly Appendage |    14 |    16 |    20 |     1 ||    51
       Spider Form       |     1 |     3 |     7 |       ||    11
Invok: Ancestor Life: He |       |     1 |       |       ||     1
 Abil: End Transformatio |     1 |       |     1 |       ||     2
 Stab: Sleeping          |     2 |     6 |     5 |       ||    13
       Confused          |       |       |     4 |       ||     4
       Distracted        |       |       |     6 |       ||     6
  Eat: Chunk             |     2 |     7 |    10 |       ||    19
       Ration            |       |       |     1 |       ||     1
Armor: Robe              |     7 |    14 |    10 |       ||    31
       Scale mail        |       |       |    35 |     8 ||    43
       Skin              |       |       |     7 |       ||     7
Dodge: Dodged            |    47 |    62 |   149 |     8 ||   266
       Deflected         |       |     1 |       |     1 ||     2
